Predators vs Devils
Created - 25 février 2014 at 20:11
Goals
|
| Predators |
0 |
0 |
1 |
1 |
| Devils |
0 |
1 |
1 |
2 |
|
Shots
|
| Predators |
3 |
4 |
14 |
21 |
| Devils |
14 |
11 |
15 |
40 |
|
1st period
No Goal
Penalties :
Kent Huskins (Nas) for Interference (Minor) at 19:24
2nd period
1. Devils , Patrick Eaves 12 (Saku Koivu, Mike Komisarek) at 5:34
Penalties :
Jonas Hoglund (NJD) for Boarding (Minor) at 6:56, Brian Rafalski (NJD) for Holding (Minor) at 9:58, Michael Grabner (Nas) for Holding Stick (Minor) at 12:24
3rd period
2. Devils , Ben Lovejoy 5 (Stephen Weiss) at 2:02 (PP)
3. Predators , Kurtis Foster 4 (Ryan Mcdonagh, Alexander Ovechkin) at 3:13 (PP)
Penalties :
Jean-Pierre Dumont (Nas) for Hooking (Minor) at 1:50, Saku Koivu (NJD) for Holding (Minor) at 2:52, Mike Cammalleri (Nas) for Hooking (Minor) at 5:24, Andrei Kostitsyn (NJD) for Slashing (Minor) at 10:44, Mikael Samuelsson (Nas) for Hooking (Minor) at 13:36
Goalie Stats
Kari Lehtonen (Nas), 38 saves from 40 shots - (0,950), L, 24-16-5, 59:00 minutes
Dan Ellis (NJD), 20 saves from 21 shots - (0,952), W, 9-8-3, 60:00 minutes
Players Stats for Predators
Player Name G A P +/- PIM S H SB GA TA FO MP PP MP PK MP
------------------------------------------------------------------------------------
Alexander Edler 0 0 0 0 0 0 0 0 0 1 0/0 23:05 3:01 3:45
Alexander Ovechkin 0 1 1 -1 0 1 2 1 0 0 1/1 22:46 3:02 4:10
Alexander Steen 0 0 0 0 0 0 0 0 0 0 0/1 17:15 3:10 0:00
Barret Jackman 0 0 0 0 0 0 0 0 0 1 0/0 9:16 0:00 0:00
Jean-Pierre Dumont 0 0 0 0 2 2 2 0 0 1 1/1 20:15 3:10 0:00
Joe Thornton 0 0 0 -1 0 1 1 1 0 0 9/23 22:51 3:02 4:24
Keith Tkachuk 0 0 0 0 0 1 0 0 0 0 0/0 5:54 0:06 0:00
Kent Huskins 0 0 0 0 2 0 0 0 0 0 0/0 9:56 0:00 0:00
Kurtis Foster 1 0 1 -1 0 6 2 3 0 0 0/0 22:38 3:17 4:23
Michael Grabner 0 0 0 -1 2 1 0 0 0 0 0/1 14:13 0:00 0:00
Mikael Samuelsson 0 0 0 0 2 3 1 0 0 0 1/1 13:17 0:06 0:00
Mike Cammalleri 0 0 0 0 2 2 3 2 0 0 5/16 22:08 3:02 2:50
Nick Boynton 0 0 0 0 0 0 1 0 0 0 0/0 6:10 0:00 0:00
Oleg Saprykin 0 0 0 0 0 3 3 0 0 0 2/3 18:15 3:10 3:58
Paul Mara 0 0 0 0 0 0 1 0 0 0 0/0 6:10 0:00 0:00
Rob Niedermayer 0 0 0 0 0 1 2 0 0 1 4/9 13:49 0:06 0:54
Robyn Regehr 0 0 0 0 0 0 0 0 0 0 0/0 21:56 3:01 3:45
Ryan Mcdonagh 0 1 1 -1 0 0 2 1 0 1 0/2 21:53 3:17 4:23
Players Stats for Devils
Player Name G A P +/- PIM S H SB GA TA FO MP PP MP PK MP
------------------------------------------------------------------------------------
Andrei Kostitsyn 0 0 0 0 2 4 2 0 0 0 1/1 18:59 3:33 1:14
Andrei Markov 0 0 0 0 0 0 3 1 1 0 0/0 26:17 5:06 2:42
Ben Lovejoy 1 0 1 0 0 6 0 1 1 0 0/0 19:06 5:06 0:06
Brian Rafalski 0 0 0 0 2 1 0 0 0 0 0/0 16:35 3:02 0:00
Doug Weight 0 0 0 0 0 0 2 0 0 0 6/13 15:21 0:00 3:25
Guillaume Latendresse 0 0 0 1 0 5 3 0 0 0 1/3 19:10 4:35 1:02
Jason Williams 0 0 0 0 0 2 0 0 0 0 1/1 9:46 0:00 2:11
Jeff Schultz 0 0 0 1 0 1 2 0 0 0 0/0 16:15 0:00 2:42
Jonas Hoglund 0 0 0 0 2 5 1 1 0 0 1/2 22:00 4:35 2:23
Ladislav Nagy 0 0 0 0 0 1 0 0 0 0 0/0 7:35 0:00 0:00
Lee Stempniak 0 0 0 0 0 1 0 0 0 0 0/0 10:05 0:00 2:11
Marek Zidlicky 0 0 0 1 0 0 0 0 1 0 0/0 20:02 3:02 3:36
Mike Komisarek 0 1 1 0 0 1 0 1 0 0 0/0 21:36 0:00 3:30
Patrick Eaves 1 0 1 1 0 1 1 0 0 0 0/0 12:27 0:00 0:00
Phil Kessel 0 0 0 0 0 2 1 1 1 0 0/1 14:02 3:33 0:00
Saku Koivu 0 1 1 1 2 1 2 0 0 0 10/12 16:18 3:33 0:10
Stephen Weiss 0 1 1 0 0 3 4 1 1 0 15/25 17:43 4:35 0:00
Tomas Holmstrom 0 0 0 0 0 6 1 0 0 0 0/0 10:21 0:00 0:00
3 Stars
1 - Dan Ellis (NJD)
2 - Kari Lehtonen (Nas)
3 - Patrick Eaves (NJD)
Power Play
Predators - 1 on 4 Attempt(s) - 25,00%
Devils - 1 on 5 Attempt(s) - 20,00%
Penalty Kill
Predators - 4 on 5 Attempt(s) - 80,00%
- Score 0 goal in Penalty Kill
Devils - 3 on 4 Attempt(s) - 75,00%
- Score 0 goal in Penalty Kill
Official
Referees : Devorski Paul and Pollock Kevin
Linesman : Scott Cherrey and Brad Kovachik
Game Notes
19:28 of 3rd period - Predators goal is going for a video replay. After video review, No Goal. The puck has been kicked using a distinct kicking motion.
Finance
Level 1 -- Attendance: 5764 (96,07%) -- Ticket Income 489 940 $
Level 2 -- Attendance: 4584 (91,68%) -- Ticket Income 238 368 $
Level 3 -- Attendance: 2000 (100,00%) -- Ticket Income 56 000 $
Level 4 -- Attendance: 3941 (98,53%) -- Ticket Income 78 820 $
Luxury Box -- Attendance: 885 (88,50%) -- Ticket Income 150 450 $
Game was played at the The prudential Center
Total Attendance: 17174 (95,41%)
Total Ticket Income: 1 013 578 $
Other Income: 152 037 $
Total Income: 1 165 615 $
Predators
5 vs 5 Forward
Center Left Wing Right Wing Time % Phy DF OF
1 Joe Thornton Alexander Ovechkin Michael Grabner 40 1 2 2
2 Mike Cammalleri Alexander Steen Jean-Pierre Dumont 30 1 2 2
3 Rob Niedermayer Oleg Saprykin Mikael Samuelsson 20 1 2 2
4 Mike Cammalleri Keith Tkachuk Jean-Pierre Dumont 10 1 2 2
5 vs 5 Defense
Defense Defense Time % Phy DF OF
1 Alexander Edler Robyn Regehr 36 1 2 2
2 Kurtis Foster Ryan Mcdonagh 34 1 2 2
3 Barret Jackman Kent Huskins 18 1 2 2
4 Paul Mara Nick Boynton 12 1 2 2
PowerPlay Forward
Center Left Wing Right Wing Time % Phy DF OF
1 Joe Thornton Alexander Ovechkin Mike Cammalleri 50 1 2 2
2 Oleg Saprykin Alexander Steen Jean-Pierre Dumont 50 1 2 2
PowerPlay Defense
Defense Defense Time % Phy DF OF
1 Alexander Edler Robyn Regehr 50 1 2 2
2 Kurtis Foster Ryan Mcdonagh 50 1 2 2
Penalty Kill 4 Players Forward
Center Wing Time % Phy DF OF
1 Joe Thornton Alexander Ovechkin 50 1 2 2
2 Mike Cammalleri Oleg Saprykin 50 1 2 2
Penalty Kill 4 Players Defense
Defense Defense Time % Phy DF OF
1 Alexander Edler Robyn Regehr 50 1 2 2
2 Kurtis Foster Ryan Mcdonagh 50 1 2 2
Penalty Kill - 3 Players Forward
Forward Time % Phy DF OF
1 Alexander Ovechkin 50 1 2 2
2 Joe Thornton 50 1 2 2
Penalty Kill - 3 Players Defense
Defense Defense Time % Phy DF OF
1 Alexander Edler Robyn Regehr 50 1 2 2
2 Kurtis Foster Ryan Mcdonagh 50 1 2 2
4 vs 4 Forward
Center Wing Time % Phy DF OF
1 Joe Thornton Alexander Ovechkin 50 1 2 2
2 Mike Cammalleri Oleg Saprykin 50 1 2 2
4 vs 4 Defense
Defense Defense Time % Phy DF OF
1 Alexander Edler Robyn Regehr 50 1 2 2
2 Kurtis Foster Ryan Mcdonagh 50 1 2 2
Last Minutes Offensive
Center Left Wing Right Wing Defense Defense
Mike Cammalleri Alexander Ovechkin Joe Thornton Alexander Edler Kurtis Foster
Last Minutes Defensive
Center Left Wing Right Wing Defense Defense
Joe Thornton Alexander Ovechkin Jean-Pierre Dumont Ryan Mcdonagh Robyn Regehr
Goaltenders
Starting : Kari Lehtonen
Backup : Josh Tordjman
Extra Forwards
Normal : Mike Cammalleri, Alexander Steen, Joe Thornton - PP : Alexander Steen, Mike Cammalleri - PK : Rob Niedermayer
Extra Defensemen
Normal : Barret Jackman, Ryan Mcdonagh, Kent Huskins - PP : Barret Jackman - PK : Kent Huskins, Ryan Mcdonagh
Penalty Shots
Alexander Ovechkin, Joe Thornton, Mike Cammalleri, Michael Grabner, Alexander Steen
Devils
5 vs 5 Forward
Center Left Wing Right Wing Time % Phy DF OF
1 Stephen Weiss Andrei Kostitsyn Jonas Hoglund 40 1 2 2
2 Saku Koivu Guillaume Latendresse Patrick Eaves 30 1 2 2
3 Doug Weight Tomas Holmstrom Phil Kessel 20 1 2 2
4 Jason Williams Ladislav Nagy Lee Stempniak 10 1 2 2
5 vs 5 Defense
Defense Defense Time % Phy DF OF
1 Andrei Markov Mike Komisarek 40 1 2 2
2 Ben Lovejoy Brian Rafalski 30 1 2 2
3 Jeff Schultz Marek Zidlicky 20 1 2 2
4 Jeff Schultz Marek Zidlicky 10 1 2 2
PowerPlay Forward
Center Left Wing Right Wing Time % Phy DF OF
1 Stephen Weiss Guillaume Latendresse Jonas Hoglund 60 1 2 2
2 Saku Koivu Andrei Kostitsyn Phil Kessel 40 1 2 2
PowerPlay Defense
Defense Defense Time % Phy DF OF
1 Andrei Markov Ben Lovejoy 60 1 2 2
2 Marek Zidlicky Brian Rafalski 40 1 2 2
Penalty Kill 4 Players Forward
Center Wing Time % Phy DF OF
1 Doug Weight Jonas Hoglund 60 1 3 1
2 Jason Williams Lee Stempniak 40 1 3 1
Penalty Kill 4 Players Defense
Defense Defense Time % Phy DF OF
1 Marek Zidlicky Mike Komisarek 60 1 3 1
2 Jeff Schultz Andrei Markov 40 1 3 1
Penalty Kill - 3 Players Forward
Forward Time % Phy DF OF
1 Doug Weight 60 1 3 1
2 Stephen Weiss 40 1 3 1
Penalty Kill - 3 Players Defense
Defense Defense Time % Phy DF OF
1 Marek Zidlicky Mike Komisarek 60 1 3 1
2 Jeff Schultz Andrei Markov 40 1 3 1
4 vs 4 Forward
Center Wing Time % Phy DF OF
1 Saku Koivu Guillaume Latendresse 60 1 2 2
2 Stephen Weiss Andrei Kostitsyn 40 1 2 2
4 vs 4 Defense
Defense Defense Time % Phy DF OF
1 Marek Zidlicky Jeff Schultz 60 1 2 2
2 Andrei Markov Mike Komisarek 40 1 2 2
Last Minutes Offensive
Center Left Wing Right Wing Defense Defense
Stephen Weiss Guillaume Latendresse Jonas Hoglund Ben Lovejoy Andrei Markov
Last Minutes Defensive
Center Left Wing Right Wing Defense Defense
Doug Weight Guillaume Latendresse Jonas Hoglund Andrei Kostitsyn Jeff Schultz
Goaltenders
Starting : Dan Ellis
Backup : Antti Niemi
Extra Forwards
Normal : Lee Stempniak, Andrei Kostitsyn, Patrick Eaves - PP : Lee Stempniak, Patrick Eaves - PK : Lee Stempniak
Extra Defensemen
Normal : Ben Lovejoy, Jeff Schultz, Marek Zidlicky - PP : Ben Lovejoy - PK : Ben Lovejoy, Andrei Markov
Penalty Shots
Stephen Weiss, Guillaume Latendresse, Doug Weight, Andrei Kostitsyn, Ladislav Nagy
% Time on Ice - Predators
Lines # - Real PCT - Wanted PCT - Time Play
Normal Forward
1 - 34% - 40% - 15:16
2 - 29% - 30% - 12:39
3 - 26% - 20% - 11:30
4 - 11% - 10% - 4:56
Normal Defense
1 - 34% - 36% - 15:10
2 - 31% - 34% - 13:45
3 - 21% - 18% - 9:16
4 - 14% - 12% - 6:10
PP Forward
1 - 50% - 50% - 3:08
2 - 50% - 50% - 3:10
PP Defense
1 - 48% - 50% - 3:01
2 - 52% - 50% - 3:17
PK Forward
1 - 49% - 50% - 4:01
2 - 51% - 50% - 4:07
PK Defense
1 - 46% - 50% - 3:45
2 - 54% - 50% - 4:23
PK3 Forward
1 - 0% - 50%
2 - 0% - 50%
PK3 Defense
1 - 0% - 50%
2 - 0% - 50%
44 Forward
1 - 0% - 50%
2 - 0% - 50%
44 Defense
1 - 0% - 50%
2 - 0% - 50%
Last Minute Offensive - 1:13
Last Minute Defensive - 0:00
Total
Forward - 60:00
Defense - 60:00
|
% Time on Ice - Devils
Lines # - Real PCT - Wanted PCT - Time Play
Normal Forward
1 - 31% - 40% - 13:51
2 - 28% - 30% - 12:35
3 - 23% - 20% - 10:21
4 - 17% - 10% - 7:35
Normal Defense
1 - 41% - 40% - 18:09
2 - 31% - 30% - 13:34
3 - 21% - 20% - 9:20
4 - 7% - 10% - 3:19
PP Forward
1 - 56% - 60% - 4:35
2 - 44% - 40% - 3:33
PP Defense
1 - 63% - 60% - 5:06
2 - 37% - 40% - 3:02
PK Forward
1 - 85% - 60% - 5:23
2 - 15% - 40% - 0:55
PK Defense
1 - 57% - 60% - 3:36
2 - 43% - 40% - 2:42
PK3 Forward
1 - 0% - 60%
2 - 0% - 40%
PK3 Defense
1 - 0% - 60%
2 - 0% - 40%
44 Forward
1 - 0% - 60%
2 - 0% - 40%
44 Defense
1 - 0% - 60%
2 - 0% - 40%
Last Minute Offensive - 0:00
Last Minute Defensive - 1:12
Total
Forward - 60:00
Defense - 60:00
|
Play by Play
1st period
0:01 of 1st period - Joe Thornton wins face-off versus Stephen Weiss in neutral zone.
0:52 of 1st period - Doug Weight is hit by Ryan Mcdonagh and loses puck.
1:16 of 1st period - Wrist shot by Jason Williams.
1:16 of 1st period - Stopped by Kari Lehtonen without a rebound.
1:17 of 1st period - Joe Thornton wins face-off versus Stephen Weiss in Predators zone.
1:42 of 1st period - Guillaume Latendresse is hit by Rob Niedermayer and loses puck.
2:05 of 1st period - Jean-Pierre Dumont is hit by Tomas Holmstrom and loses puck.
2:10 of 1st period - Slapshot by Tomas Holmstrom.
2:10 of 1st period - Stopped by Kari Lehtonen with a rebound.
2:12 of 1st period - Slapshot by Doug Weight.
2:12 of 1st period - Shot Misses the Net.
2:14 of 1st period - Backhand shot by Jeff Schultz.
2:14 of 1st period - Stopped by Kari Lehtonen without a rebound.
2:15 of 1st period - Stephen Weiss wins face-off versus Joe Thornton in Predators zone.
2:42 of 1st period - Saku Koivu is hit by Mike Cammalleri and loses puck.
3:53 of 1st period - Wrist shot by Andrei Kostitsyn.
3:53 of 1st period - Stopped by Kari Lehtonen with a rebound.
5:51 of 1st period - Snap shot by Doug Weight.
5:51 of 1st period - Deflect By Phil Kessel.
5:51 of 1st period - Stopped by Kari Lehtonen with a rebound.
6:39 of 1st period - Saku Koivu is hit by Mikael Samuelsson.
7:00 of 1st period - Doug Weight is hit by Paul Mara and loses puck.
8:13 of 1st period - Slapshot by Patrick Eaves.
8:13 of 1st period - Shot Misses the Net.
9:09 of 1st period - Off-side.
9:10 of 1st period - Saku Koivu wins face-off versus Ryan Mcdonagh in neutral zone.
9:12 of 1st period - Off-side.
9:13 of 1st period - Saku Koivu wins face-off versus Ryan Mcdonagh in neutral zone.
9:38 of 1st period - Snap shot by Alexander Steen.
9:38 of 1st period - Shot Misses the Net.
9:40 of 1st period - Backhand shot by Mike Cammalleri.
9:40 of 1st period - Shot Misses the Net.
9:42 of 1st period - Slapshot by Alexander Steen.
9:42 of 1st period - Shot Misses the Net.
9:44 of 1st period - Wrist shot by Mike Cammalleri.
9:44 of 1st period - Shot Misses the Net.
10:02 of 1st period - Wrist shot by Andrei Kostitsyn.
10:02 of 1st period - Stopped by Kari Lehtonen with a rebound.
10:23 of 1st period - Snap shot by Alexander Ovechkin.
10:23 of 1st period - Stopped by Dan Ellis with a rebound.
10:43 of 1st period - Wrist shot by Ladislav Nagy.
10:43 of 1st period - Shot Misses the Net.
11:45 of 1st period - Mikael Samuelsson is hit by Jeff Schultz and loses puck.
12:54 of 1st period - Snap shot by Tomas Holmstrom.
12:54 of 1st period - Stopped by Kari Lehtonen without a rebound.
12:55 of 1st period - Doug Weight wins face-off versus Rob Niedermayer in Predators zone.
13:06 of 1st period - Snap shot by Tomas Holmstrom.
13:06 of 1st period - Stopped by Kari Lehtonen with a rebound.
13:20 of 1st period - Jean-Pierre Dumont is hit by Jonas Hoglund and loses puck.
14:02 of 1st period - Wrist shot by Tomas Holmstrom.
14:02 of 1st period - Stopped by Kari Lehtonen without a rebound.
14:03 of 1st period - Rob Niedermayer wins face-off versus Doug Weight in Predators zone.
14:08 of 1st period - Snap shot by Mikael Samuelsson.
14:08 of 1st period - Shot Misses the Net.
14:10 of 1st period - Slapshot by Alexander Edler.
14:10 of 1st period - Shot Blocked by Phil Kessel.
14:12 of 1st period - Snap shot by Mikael Samuelsson.
14:12 of 1st period - Stopped by Dan Ellis with a rebound.
14:14 of 1st period - Snap shot by Mikael Samuelsson.
14:14 of 1st period - Stopped by Dan Ellis without a rebound.
14:15 of 1st period - Mike Cammalleri wins face-off versus Stephen Weiss in Devils zone.
14:25 of 1st period - Icing by Alexander Edler.
14:26 of 1st period - Stephen Weiss wins face-off versus Mike Cammalleri in Predators zone.
15:23 of 1st period - Icing by Mike Cammalleri.
15:24 of 1st period - Mike Cammalleri wins face-off versus Saku Koivu in Predators zone.
15:37 of 1st period - Wrist shot by Saku Koivu.
15:37 of 1st period - Shot Blocked by Mike Cammalleri.
15:39 of 1st period - Backhand shot by Brian Rafalski.
15:39 of 1st period - Stopped by Kari Lehtonen with a rebound.
15:55 of 1st period - Snap shot by Tomas Holmstrom.
15:55 of 1st period - Stopped by Kari Lehtonen with a rebound.
16:46 of 1st period - Joe Thornton is hit by Phil Kessel and loses puck.
17:41 of 1st period - Snap shot by Phil Kessel.
17:41 of 1st period - Shot Misses the Net.
17:53 of 1st period - Guillaume Latendresse is hit by Joe Thornton and loses puck.
18:03 of 1st period - Off-side.
18:04 of 1st period - Rob Niedermayer wins face-off versus Stephen Weiss in neutral zone.
19:02 of 1st period - Off-side.
19:03 of 1st period - Saku Koivu wins face-off versus Mike Cammalleri in neutral zone.
19:12 of 1st period - Slapshot by Alexander Steen.
19:12 of 1st period - Shot Blocked by Ben Lovejoy.
19:24 of 1st period - Minor Penalty to Kent Huskins for Interference.
19:25 of 1st period - Stephen Weiss wins face-off versus Joe Thornton in Predators zone.
19:28 of 1st period - Snap shot by Guillaume Latendresse.
19:28 of 1st period - Shot Misses the Net.
19:30 of 1st period - Slapshot by Guillaume Latendresse.
19:30 of 1st period - Shot Misses the Net.
19:32 of 1st period - Slapshot by Guillaume Latendresse.
19:32 of 1st period - Stopped by Kari Lehtonen without a rebound.
19:33 of 1st period - Stephen Weiss wins face-off versus Joe Thornton in Predators zone.
19:36 of 1st period - Slapshot by Stephen Weiss.
19:36 of 1st period - Shot Misses the Net.
19:38 of 1st period - Slapshot by Ben Lovejoy.
19:38 of 1st period - Stopped by Kari Lehtonen without a rebound.
19:39 of 1st period - Mike Cammalleri wins face-off versus Guillaume Latendresse in Predators zone.
19:52 of 1st period - Snap shot by Guillaume Latendresse.
19:52 of 1st period - Deflect By Jonas Hoglund.
19:52 of 1st period - Stopped by Kari Lehtonen without a rebound.
19:53 of 1st period - Guillaume Latendresse wins face-off versus Mike Cammalleri in Predators zone.
Goals for this period are 0 for Predators vs 0 for Devils.
Shots for this period are 3 for Predators vs 14 for Devils.
2nd period
0:01 of 2nd period - Stephen Weiss wins face-off versus Mike Cammalleri in neutral zone.
0:26 of 2nd period - Ryan Mcdonagh is hit by Saku Koivu and loses puck.
1:24 of 2nd period - Penalty to Kent Huskins is over, Kent Huskins is back on ice.
1:27 of 2nd period - Snap shot by Ben Lovejoy.
1:27 of 2nd period - Stopped by Kari Lehtonen with a rebound.
1:37 of 2nd period - Wrist shot by Ladislav Nagy.
1:37 of 2nd period - Shot Blocked by Kurtis Foster.
1:51 of 2nd period - Kent Huskins is hit by Doug Weight and loses puck.
3:36 of 2nd period - Off-side.
3:37 of 2nd period - Joe Thornton wins face-off versus Stephen Weiss in neutral zone.
3:42 of 2nd period - Snap shot by Jonas Hoglund.
3:42 of 2nd period - Stopped by Kari Lehtonen without a rebound.
3:43 of 2nd period - Joe Thornton wins face-off versus Stephen Weiss in Predators zone.
3:50 of 2nd period - Snap shot by Andrei Kostitsyn.
3:50 of 2nd period - Shot Misses the Net.
4:58 of 2nd period - Wrist shot by Jean-Pierre Dumont.
4:58 of 2nd period - Stopped by Dan Ellis without a rebound.
4:59 of 2nd period - Jonas Hoglund wins face-off versus Mike Cammalleri in Devils zone.
5:25 of 2nd period - Patrick Eaves is hit by Alexander Ovechkin and loses puck.
5:34 of 2nd period - Wrist shot by Patrick Eaves.
5:34 of 2nd period - Goal by Patrick Eaves - Predators : 0 - Devils : 1.
5:35 of 2nd period - Joe Thornton wins face-off versus Stephen Weiss in neutral zone.
5:37 of 2nd period - Off-side.
5:38 of 2nd period - Alexander Ovechkin wins face-off versus Jonas Hoglund in neutral zone.
6:02 of 2nd period - Icing by Stephen Weiss.
6:03 of 2nd period - Saku Koivu wins face-off versus Mike Cammalleri in Devils zone.
6:30 of 2nd period - Snap shot by Doug Weight.
6:30 of 2nd period - Shot Misses the Net.
6:32 of 2nd period - Slapshot by Mike Komisarek.
6:32 of 2nd period - Stopped by Kari Lehtonen without a rebound.
6:33 of 2nd period - Joe Thornton wins face-off versus Doug Weight in Predators zone.
6:56 of 2nd period - Minor Penalty to Jonas Hoglund for Boarding.
6:57 of 2nd period - Doug Weight wins face-off versus Joe Thornton in Devils zone.
7:10 of 2nd period - Wrist shot by Alexander Ovechkin.
7:10 of 2nd period - Shot Misses the Net.
7:24 of 2nd period - Mike Komisarek is hit by Jean-Pierre Dumont and loses puck.
8:56 of 2nd period - Penalty to Jonas Hoglund is over, Jonas Hoglund is back on ice.
9:15 of 2nd period - Snap shot by Keith Tkachuk.
9:15 of 2nd period - Stopped by Dan Ellis without a rebound.
9:16 of 2nd period - Saku Koivu wins face-off versus Joe Thornton in Devils zone.
9:33 of 2nd period - Snap shot by Doug Weight.
9:33 of 2nd period - Shot Misses the Net.
9:35 of 2nd period - Snap shot by Phil Kessel.
9:35 of 2nd period - Stopped by Kari Lehtonen without a rebound.
9:36 of 2nd period - Rob Niedermayer wins face-off versus Doug Weight in Predators zone.
9:40 of 2nd period - Icing by Mikael Samuelsson.
9:41 of 2nd period - Saku Koivu wins face-off versus Rob Niedermayer in Predators zone.
9:52 of 2nd period - Slapshot by Oleg Saprykin.
9:52 of 2nd period - Shot Misses the Net.
9:54 of 2nd period - Snap shot by Rob Niedermayer.
9:54 of 2nd period - Stopped by Dan Ellis without a rebound.
9:55 of 2nd period - Stephen Weiss wins face-off versus Joe Thornton in Devils zone.
9:55 of 2nd period - Stephen Weiss is hit by Alexander Ovechkin.
9:58 of 2nd period - Minor Penalty to Brian Rafalski for Holding.
9:59 of 2nd period - Oleg Saprykin wins face-off versus Doug Weight in Devils zone.
9:59 of 2nd period - Snap shot by Jean-Pierre Dumont.
9:59 of 2nd period - Stopped by Dan Ellis without a rebound.
10:00 of 2nd period - Doug Weight wins face-off versus Oleg Saprykin in Devils zone.
10:46 of 2nd period - Andrei Markov is hit by Mike Cammalleri and loses puck.
11:58 of 2nd period - Penalty to Brian Rafalski is over, Brian Rafalski is back on ice.
11:59 of 2nd period - Jeff Schultz is hit by Kurtis Foster and loses puck.
12:18 of 2nd period - Snap shot by Brian Rafalski.
12:18 of 2nd period - Shot Misses the Net.
12:20 of 2nd period - Wrist shot by Jonas Hoglund.
12:20 of 2nd period - Deflect By Alexander Ovechkin.
12:20 of 2nd period - Stopped by Kari Lehtonen without a rebound.
12:21 of 2nd period - Saku Koivu wins face-off versus Joe Thornton in Predators zone.
12:22 of 2nd period - Snap shot by Guillaume Latendresse.
12:22 of 2nd period - Shot Blocked by Joe Thornton.
12:24 of 2nd period - Minor Penalty to Michael Grabner for Holding Stick.
12:25 of 2nd period - Saku Koivu wins face-off versus Mike Cammalleri in Predators zone.
12:26 of 2nd period - Snap shot by Andrei Kostitsyn.
12:26 of 2nd period - Shot Blocked by Mike Cammalleri.
12:28 of 2nd period - Slapshot by Ben Lovejoy.
12:28 of 2nd period - Stopped by Kari Lehtonen without a rebound.
12:29 of 2nd period - Saku Koivu wins face-off versus Mike Cammalleri in Predators zone.
12:36 of 2nd period - Slapshot by Andrei Kostitsyn.
12:36 of 2nd period - Stopped by Kari Lehtonen without a rebound.
12:37 of 2nd period - Stephen Weiss wins face-off versus Mike Cammalleri in Predators zone.
12:40 of 2nd period - Wrist shot by Jonas Hoglund.
12:40 of 2nd period - Stopped by Kari Lehtonen with a rebound.
12:42 of 2nd period - Snap shot by Guillaume Latendresse.
12:42 of 2nd period - Stopped by Kari Lehtonen with a rebound.
12:44 of 2nd period - Slapshot by Ben Lovejoy.
12:44 of 2nd period - Shot Misses the Net.
12:46 of 2nd period - Slapshot by Ben Lovejoy.
12:46 of 2nd period - Shot Misses the Net.
13:22 of 2nd period - Jonas Hoglund is hit by Oleg Saprykin.
13:48 of 2nd period - Brian Rafalski is hit by Oleg Saprykin and loses puck.
14:24 of 2nd period - Penalty to Michael Grabner is over, Michael Grabner is back on ice.
14:41 of 2nd period - Snap shot by Jean-Pierre Dumont.
14:41 of 2nd period - Shot Misses the Net.
17:51 of 2nd period - Snap shot by Ladislav Nagy.
17:51 of 2nd period - Stopped by Kari Lehtonen with a rebound.
18:07 of 2nd period - Jean-Pierre Dumont is hit by Stephen Weiss and loses puck.
18:29 of 2nd period - Rob Niedermayer is hit by Jeff Schultz and loses puck.
19:06 of 2nd period - Kurtis Foster is hit by Doug Weight and loses puck.
19:31 of 2nd period - Alexander Edler is hit by Stephen Weiss and loses puck.
Goals for this period are 0 for Predators vs 1 for Devils.
Shots for this period are 4 for Predators vs 11 for Devils.
3rd period
0:01 of 3rd period - Andrei Kostitsyn wins face-off versus Michael Grabner in neutral zone.
0:08 of 3rd period - Snap shot by Stephen Weiss.
0:08 of 3rd period - Shot Blocked by Alexander Ovechkin.
0:52 of 3rd period - Mike Cammalleri is hit by Saku Koivu and loses puck.
0:59 of 3rd period - Patrick Eaves is hit by Mike Cammalleri and loses puck.
1:30 of 3rd period - Marek Zidlicky is hit by Ryan Mcdonagh and loses puck.
1:50 of 3rd period - Minor Penalty to Jean-Pierre Dumont for Hooking.
1:51 of 3rd period - Joe Thornton wins face-off versus Stephen Weiss in Predators zone.
1:51 of 3rd period - Joe Thornton is hit by Andrei Markov.
1:56 of 3rd period - Snap shot by Alexander Ovechkin.
1:56 of 3rd period - Shot Misses the Net.
2:02 of 3rd period - Slapshot by Ben Lovejoy.
2:02 of 3rd period - Deflect By Alexander Edler.
2:02 of 3rd period - Goal by Ben Lovejoy - Predators : 0 - Devils : 2.
2:03 of 3rd period - Stephen Weiss wins face-off versus Joe Thornton in neutral zone.
2:14 of 3rd period - Snap shot by Robyn Regehr.
2:14 of 3rd period - Shot Blocked by Stephen Weiss.
2:16 of 3rd period - Wrist shot by Michael Grabner.
2:16 of 3rd period - Stopped by Dan Ellis with a rebound.
2:52 of 3rd period - Minor Penalty to Saku Koivu for Holding.
2:53 of 3rd period - Oleg Saprykin wins face-off versus Doug Weight in Devils zone.
3:01 of 3rd period - Wrist shot by Oleg Saprykin.
3:01 of 3rd period - Stopped by Dan Ellis with a rebound.
3:03 of 3rd period - Backhand shot by Oleg Saprykin.
3:03 of 3rd period - Stopped by Dan Ellis without a rebound.
3:04 of 3rd period - Joe Thornton wins face-off versus Doug Weight in Devils zone.
3:09 of 3rd period - Wrist shot by Alexander Ovechkin.
3:09 of 3rd period - Shot Blocked by Jonas Hoglund.
3:11 of 3rd period - Slapshot by Ryan Mcdonagh.
3:11 of 3rd period - Shot Blocked by Mike Komisarek.
3:13 of 3rd period - Slapshot by Kurtis Foster.
3:13 of 3rd period - Goal by Kurtis Foster - Predators : 1 - Devils : 2.
3:14 of 3rd period - Stephen Weiss wins face-off versus Joe Thornton in neutral zone.
3:31 of 3rd period - Snap shot by Joe Thornton.
3:31 of 3rd period - Stopped by Dan Ellis with a rebound.
4:32 of 3rd period - Snap shot by Jason Williams.
4:32 of 3rd period - Stopped by Kari Lehtonen without a rebound.
4:33 of 3rd period - Mike Cammalleri wins face-off versus Stephen Weiss in Predators zone.
4:33 of 3rd period - Mike Cammalleri is hit by Stephen Weiss.
4:46 of 3rd period - Wrist shot by Stephen Weiss.
4:46 of 3rd period - Deflect By Jonas Hoglund.
4:46 of 3rd period - Stopped by Kari Lehtonen with a rebound.
4:48 of 3rd period - Wrist shot by Stephen Weiss.
4:48 of 3rd period - Stopped by Kari Lehtonen without a rebound.
4:49 of 3rd period - Saku Koivu wins face-off versus Joe Thornton in Predators zone.
4:58 of 3rd period - Snap shot by Patrick Eaves.
4:58 of 3rd period - Shot Hit the Post.
5:00 of 3rd period - Snap shot by Guillaume Latendresse.
5:00 of 3rd period - Stopped by Kari Lehtonen with a rebound.
5:02 of 3rd period - Wrist shot by Patrick Eaves.
5:02 of 3rd period - Shot Misses the Net.
5:04 of 3rd period - Slapshot by Brian Rafalski.
5:04 of 3rd period - Shot Misses the Net.
5:24 of 3rd period - Minor Penalty to Mike Cammalleri for Hooking.
5:25 of 3rd period - Stephen Weiss wins face-off versus Rob Niedermayer in Predators zone.
5:59 of 3rd period - Backhand shot by Andrei Markov.
5:59 of 3rd period - Shot Blocked by Ryan Mcdonagh.
6:01 of 3rd period - Snap shot by Ben Lovejoy.
6:01 of 3rd period - Stopped by Kari Lehtonen without a rebound.
6:02 of 3rd period - Stephen Weiss wins face-off versus Rob Niedermayer in Predators zone.
6:09 of 3rd period - Snap shot by Stephen Weiss.
6:09 of 3rd period - Stopped by Kari Lehtonen with a rebound.
6:27 of 3rd period - Marek Zidlicky is hit by Rob Niedermayer and loses puck.
6:47 of 3rd period - Alexander Edler is hit by Guillaume Latendresse and loses puck.
7:24 of 3rd period - Penalty to Mike Cammalleri is over, Mike Cammalleri is back on ice.
7:30 of 3rd period - Snap shot by Jason Williams.
7:30 of 3rd period - Shot Blocked by Kurtis Foster.
7:32 of 3rd period - Backhand shot by Andrei Markov.
7:32 of 3rd period - Shot Misses the Net.
7:34 of 3rd period - Snap shot by Jason Williams.
7:34 of 3rd period - Shot Blocked by Kurtis Foster.
7:36 of 3rd period - Wrist shot by Lee Stempniak.
7:36 of 3rd period - Stopped by Kari Lehtonen with a rebound.
8:05 of 3rd period - Kent Huskins is hit by Patrick Eaves and loses puck.
8:29 of 3rd period - Icing by Brian Rafalski.
8:30 of 3rd period - Jean-Pierre Dumont wins face-off versus Saku Koivu in Devils zone.
8:31 of 3rd period - Snap shot by Mike Cammalleri.
8:31 of 3rd period - Stopped by Dan Ellis with a rebound.
8:47 of 3rd period - Saku Koivu is hit by Nick Boynton and loses puck.
9:22 of 3rd period - Snap shot by Oleg Saprykin.
9:22 of 3rd period - Stopped by Dan Ellis without a rebound.
9:23 of 3rd period - Rob Niedermayer wins face-off versus Doug Weight in Devils zone.
9:33 of 3rd period - Slapshot by Oleg Saprykin.
9:33 of 3rd period - Deflect By Mikael Samuelsson.
9:33 of 3rd period - Stopped by Dan Ellis without a rebound.
9:34 of 3rd period - Stephen Weiss wins face-off versus Joe Thornton in Devils zone.
9:39 of 3rd period - Robyn Regehr is hit by Andrei Markov and loses puck.
10:00 of 3rd period - Jean-Pierre Dumont is hit by Guillaume Latendresse and loses puck.
10:07 of 3rd period - Slapshot by Guillaume Latendresse.
10:07 of 3rd period - Stopped by Kari Lehtonen with a rebound.
10:09 of 3rd period - Snap shot by Guillaume Latendresse.
10:09 of 3rd period - Stopped by Kari Lehtonen without a rebound.
10:10 of 3rd period - Joe Thornton wins face-off versus Guillaume Latendresse in Predators zone.
10:39 of 3rd period - Slapshot by Kurtis Foster.
10:39 of 3rd period - Deflect By Alexander Steen.
10:39 of 3rd period - Shot Hit the Post.
10:39 of 3rd period - Puck is out of play.
10:40 of 3rd period - Mike Cammalleri wins face-off versus Stephen Weiss in Devils zone.
10:44 of 3rd period - Minor Penalty to Andrei Kostitsyn for Slashing.
10:45 of 3rd period - Doug Weight wins face-off versus Alexander Steen in Devils zone.
10:45 of 3rd period - Doug Weight is hit by Kurtis Foster.
10:54 of 3rd period - Snap shot by Kurtis Foster.
10:54 of 3rd period - Stopped by Dan Ellis with a rebound.
12:44 of 3rd period - Penalty to Andrei Kostitsyn is over, Andrei Kostitsyn is back on ice.
13:16 of 3rd period - Michael Grabner is hit by Andrei Kostitsyn and loses puck.
13:31 of 3rd period - Slapshot by Ben Lovejoy.
13:31 of 3rd period - Stopped by Kari Lehtonen without a rebound.
13:32 of 3rd period - Doug Weight wins face-off versus Rob Niedermayer in Predators zone.
13:33 of 3rd period - Wrist shot by Tomas Holmstrom.
13:33 of 3rd period - Stopped by Kari Lehtonen without a rebound.
13:34 of 3rd period - Mikael Samuelsson wins face-off versus Phil Kessel in Predators zone.
13:36 of 3rd period - Minor Penalty to Mikael Samuelsson for Hooking.
13:37 of 3rd period - Stephen Weiss wins face-off versus Joe Thornton in Predators zone.
13:41 of 3rd period - Snap shot by Stephen Weiss.
13:41 of 3rd period - Stopped by Kari Lehtonen without a rebound.
13:42 of 3rd period - Stephen Weiss wins face-off versus Joe Thornton in Predators zone.
14:09 of 3rd period - Slapshot by Andrei Kostitsyn.
14:09 of 3rd period - Shot Misses the Net.
14:11 of 3rd period - Wrist shot by Saku Koivu.
14:11 of 3rd period - Deflect By Alexander Ovechkin.
14:11 of 3rd period - Stopped by Kari Lehtonen with a rebound.
14:13 of 3rd period - Snap shot by Andrei Kostitsyn.
14:13 of 3rd period - Stopped by Kari Lehtonen without a rebound.
14:14 of 3rd period - Stephen Weiss wins face-off versus Joe Thornton in Predators zone.
15:36 of 3rd period - Penalty to Mikael Samuelsson is over, Mikael Samuelsson is back on ice.
15:41 of 3rd period - Joe Thornton is hit by Andrei Kostitsyn and loses puck.
15:52 of 3rd period - Wrist shot by Alexander Steen.
15:52 of 3rd period - Shot Misses the Net.
15:54 of 3rd period - Snap shot by Alexander Edler.
15:54 of 3rd period - Deflect By Alexander Steen.
15:54 of 3rd period - Shot Misses the Net.
15:54 of 3rd period - Puck is out of play.
15:55 of 3rd period - Jason Williams wins face-off versus Mike Cammalleri in Devils zone.
15:55 of 3rd period - Jason Williams is hit by Jean-Pierre Dumont.
16:21 of 3rd period - Guillaume Latendresse is hit by Oleg Saprykin and loses puck.
16:32 of 3rd period - Oleg Saprykin is hit by Andrei Markov and loses puck.
18:31 of 3rd period - Joe Thornton is hit by Stephen Weiss and loses puck.
18:53 of 3rd period - Ryan Mcdonagh is hit by Guillaume Latendresse and loses puck.
19:00 of 3rd period - Predators, Kari Lehtonen is pulled from the net.
19:04 of 3rd period - Snap shot by Alexander Edler.
19:04 of 3rd period - Shot Misses the Net.
19:06 of 3rd period - Snap shot by Alexander Edler.
19:06 of 3rd period - Shot Misses the Net.
19:08 of 3rd period - Snap shot by Alexander Steen.
19:08 of 3rd period - Shot Misses the Net.
19:10 of 3rd period - Slapshot by Kurtis Foster.
19:10 of 3rd period - Stopped by Dan Ellis with a rebound.
19:14 of 3rd period - Snap shot by Jean-Pierre Dumont.
19:14 of 3rd period - Shot Misses the Net.
19:16 of 3rd period - Snap shot by Alexander Steen.
19:16 of 3rd period - Shot Misses the Net.
19:18 of 3rd period - Snap shot by Mike Cammalleri.
19:18 of 3rd period - Shot Blocked by Andrei Markov.
19:20 of 3rd period - Wrist shot by Mike Cammalleri.
19:20 of 3rd period - Stopped by Dan Ellis with a rebound.
19:22 of 3rd period - Snap shot by Kurtis Foster.
19:22 of 3rd period - Shot Misses the Net.
19:24 of 3rd period - Wrist shot by Kurtis Foster.
19:24 of 3rd period - Stopped by Dan Ellis with a rebound.
19:26 of 3rd period - Wrist shot by Kurtis Foster.
19:26 of 3rd period - Stopped by Dan Ellis with a rebound.
19:28 of 3rd period - Snap shot by Kurtis Foster.
19:28 of 3rd period - Predators goal is going for a video replay.
19:28 of 3rd period - The goal is refused. The puck has been kicked using a distinct kicking motion..
19:29 of 3rd period - John Tortorella call a timeout for Predators.
19:29 of 3rd period - Doug Weight wins face-off versus Mike Cammalleri in Devils zone.
19:58 of 3rd period - Snap shot by Mike Cammalleri.
19:58 of 3rd period - Shot Misses the Net.
Goals for this period are 1 for Predators vs 1 for Devils.
Shots for this period are 14 for Predators vs 15 for Devils.
Output by the SimonT Hockey Simulator (STHS) for François Prévost -- Original Page W3C XHTML 1.0 Valid